MID
BURLINGTON BEES @ CHARLESTON RIVERDOGS
09/13/2044
 
TOP OF THE 1ST
Burlington Bees batting - Pitching for Charleston RiverDogs : RHP Soh Kawashima
Pitching: RHP Soh Kawashima
Batting: RHB Jonathan Ellis 0-0: Ball
1-0: Ground out 1-3 (Groundball, 13S, EV 71.9 MPH)
Batting: RHB Adam Noyes 0-0: Called Strike
0-1: Ball
1-1: Ball
2-1: Ground out 5-3 (Groundball, 56, EV 83.8 MPH)
Batting: LHB Rusty Ney 0-0: Called Strike
0-1: Ball
1-1: Ball
2-1: Swinging Strike
2-2: Strikes out swinging
Top of the 1st over - 0 runs, 0 hits, 0 errors, 0 left on base; Burlington 0 - Charleston 0
BOTTOM OF THE 1ST
Charleston RiverDogs batting - Pitching for Burlington Bees : RHP Dave Thomas
Pitching: RHP Dave Thomas
Batting: LHB Tatsuo Yasui 0-0: Called Strike
0-1: Ball
1-1: Swinging Strike
1-2: Ball
2-2: Foul Ball, location: 2F
2-2: SINGLE (Groundball, 34D, EV 98.8 MPH)
Batting: RHB James Boynton 0-0: Ball
Tatsuo Yasui steals 2nd base
1-0: Ground out 5-3 (Groundball, 56S, EV 70.0 MPH)
Tatsuo Yasui to third
Batting: SHB Mike Goad 0-0: Foul Ball, location: 2F
0-1: Ball
1-1: Foul Ball, location: 2F
1-2: Foul Ball, location: 2F
1-2: SINGLE (Groundball, 6S, EV 70.0 MPH) (infield hit)
Tatsuo Yasui scores
Batting: RHB Mike Gifford Pickoff Throw to First - Error! E1
Mike Goad to second
0-0: Ball
1-0: Called Strike
1-1: Foul Ball, location: 2F
1-2: Foul Ball, location: 2F
1-2: Ball
2-2: Foul Ball, location: 2F
2-2: DOUBLE (Line Drive, 7LS, EV 106.9 MPH)
Mike Goad scores
Batting: RHB Steve Martin 0-0: Called Strike
0-1: Called Strike
0-2: Foul Ball, location: 2F
0-2: Foul Ball, location: 2F
0-2: Ball
1-2: Foul Ball, location: 2F
1-2: Fly out, F8 (Flyball, 8RD, EV 95.0 MPH)
Batting: RHB Luwen Storm 0-0: Called Strike
0-1: Ball
1-1: Ball
2-1: Foul Ball, location: 2F
2-2: SINGLE (Groundball, 4M, EV 100.0 MPH) (infield hit)
Mike Gifford to third
Batting: RHB Eric Blais 0-0: Fly out, F9 (Flyball, 9S, EV 87.5 MPH)
Bottom of the 1st over - 2 runs, 4 hits, 1 error, 2 left on base; Burlington 0 - Charleston 2
TOP OF THE 2ND
Burlington Bees batting - Pitching for Charleston RiverDogs : RHP Soh Kawashima
Batting: RHB Luis Romero 0-0: Swinging Strike
0-1: Ball
1-1: Foul Ball, location: 2F
1-2: Ground out 2-3 (Groundball, 2R, EV 68.1 MPH)
Batting: LHB Bill Kirtley 0-0: Ball
1-0: Foul Ball, location: 2F
1-1: Foul Ball, location: 2F
1-2: SINGLE (Groundball, 15S, EV 64.4 MPH) (infield hit)
Batting: RHB Ryan Munro 0-0: Ball
1-0: Fly out, F9 (Flyball, 9LM, EV 96.9 MPH)
Batting: RHB Ben Herman 0-0: Ball
1-0: SINGLE (Groundball, 56D, EV 103.8 MPH)
Bill Kirtley to second
Batting: RHB Ryuji Ito 0-0: Ball
1-0: Foul Ball, location: 2F
1-1: Fly out, F3 (Line Drive, 3, EV 72.5 MPH)
Top of the 2nd over - 0 runs, 2 hits, 0 errors, 2 left on base; Burlington 0 - Charleston 2
BOTTOM OF THE 2ND
Charleston RiverDogs batting - Pitching for Burlington Bees : RHP Dave Thomas
Batting: RHB Miguel Leal 0-0: Ball
1-0: Called Strike
1-1: Ball
2-1: Called Strike
2-2: Fly out, F3 (Popup, 3SF, EV 79.4 MPH)
Batting: RHB Nick Massengale 0-0: Ground out U3 (Groundball, 34, EV 82.5 MPH)
Batting: LHB Tatsuo Yasui 0-0: Ground out 4-3 (Groundball, 4, EV 81.9 MPH)
Bottom of the 2nd over - 0 runs, 0 hits, 0 errors, 0 left on base; Burlington 0 - Charleston 2
TOP OF THE 3RD
Burlington Bees batting - Pitching for Charleston RiverDogs : RHP Soh Kawashima
Batting: SHB Tim Connell 0-0: Called Strike
0-1: Ground out 1-3 (Groundball, 15S, EV 70.0 MPH)
Batting: RHB Jonathan Ellis 0-0: Called Strike
0-1: Ball
1-1: Ball
2-1: Ground out 6-3 (Groundball, 6, EV 95.6 MPH)
Batting: RHB Adam Noyes 0-0: Ball
1-0: Called Strike
1-1: Called Strike
1-2: Strikes out looking
Top of the 3rd over - 0 runs, 0 hits, 0 errors, 0 left on base; Burlington 0 - Charleston 2
BOTTOM OF THE 3RD
Charleston RiverDogs batting - Pitching for Burlington Bees : RHP Dave Thomas
Batting: RHB James Boynton 0-0: Ball
1-0: Ball
2-0: Ball
3-0: Base on Balls
Batting: SHB Mike Goad 0-0: Ball
1-0: Called Strike
1-1: Ball
James Boynton steals 2nd base
2-1: Fly out, F6 (Flyball, 56D, EV 86.2 MPH)
Batting: RHB Mike Gifford 0-0: Ball
1-0: Swinging Strike
1-1: Swinging Strike
1-2: Ball
2-2: Ball
3-2: Base on Balls
Batting: RHB Steve Martin 0-0: Called Strike
0-1: Reached on error, E6 (Groundball, 6, EV 101.9 MPH)
James Boynton to third
Mike Gifford to second
Batting: RHB Luwen Storm 0-0: Ball
1-0: Swinging Strike
1-1: Swinging Strike
1-2: Ball
2-2: Foul Ball, location: 2F
2-2: Ball
3-2: Foul Ball, location: 2F
3-2: Foul Ball, location: 2F
3-2: Grounds into fielders choice 1-2 (Groundball, 34S, EV 70.6 MPH)
Mike Gifford to third
Steve Martin to second
Batting: RHB Eric Blais 0-0: Ball
1-0: Foul Ball, location: 2F
1-1: Ball
2-1: Fly out, F6 (Line Drive, 6, EV 62.5 MPH)
Bottom of the 3rd over - 0 runs, 0 hits, 1 error, 3 left on base; Burlington 0 - Charleston 2
TOP OF THE 4TH
Burlington Bees batting - Pitching for Charleston RiverDogs : RHP Soh Kawashima
Batting: LHB Rusty Ney 0-0: Foul Ball, location: 2F
0-1: Called Strike
0-2: SINGLE (Groundball, 34D, EV 100.6 MPH)
Batting: RHB Luis Romero 0-0: Ball
Rusty Ney steals 2nd base (no throw)
1-0: Ball
2-0: SINGLE (Groundball, 6MD, EV 104.4 MPH)
Rusty Ney to third
Runner from 3rd tries for Home, throw by CF and OUT! 8-2
Batting: LHB Bill Kirtley 0-0: Ball
1-0: SINGLE (Groundball, 25, EV 67.5 MPH) (infield hit)
Luis Romero to second
Batting: RHB Ryan Munro 0-0: Called Strike
0-1: Ball
1-1: Ball
2-1: Called Strike
2-2: SINGLE (Flyball, 8RS, EV 100.0 MPH)
Luis Romero to third
Bill Kirtley to second
Batting: RHB Ben Herman 0-0: Called Strike
0-1: Called Strike
0-2: Grounds into double play, 5-4-3 (Groundball, 5, EV 91.2 MPH)
Top of the 4th over - 0 runs, 4 hits, 0 errors, 2 left on base; Burlington 0 - Charleston 2
BOTTOM OF THE 4TH
Charleston RiverDogs batting - Pitching for Burlington Bees : RHP Dave Thomas
Batting: RHB Miguel Leal 0-0: Swinging Strike
0-1: Ball
1-1: Foul Ball, location: 2F
1-2: Ball
2-2: SINGLE (Line Drive, 34, EV 103.8 MPH)
Batting: RHB Nick Massengale 0-0: Ball
1-0: Ball
2-0: Ball
Miguel Leal steals 2nd, throwing error, E2
Miguel Leal to third
3-0: Base on Balls
Batting: LHB Tatsuo Yasui 0-0: Ball
Nick Massengale steals 2nd base
1-0: Foul Ball, location: 2F
1-1: Ball
2-1: SINGLE (Groundball, 34D, EV 100.6 MPH)
Miguel Leal scores
Nick Massengale to third
Batting: RHB James Boynton 0-0: Ball
Tatsuo Yasui is caught stealing 2nd base 2-4
1-0: Called Strike
1-1: Foul Ball, location: 2F
1-2: Foul Ball, location: 2F
1-2: SINGLE (Groundball, 3D, EV 103.8 MPH)
Nick Massengale scores
Pitching: LHP Jordan Galdamez
Batting: SHB Mike Goad 0-0: Ball
James Boynton is caught stealing 2nd base 2-4
1-0: Called Strike
1-1: SINGLE (Groundball, 34D, EV 101.9 MPH)
Batting: RHB Mike Gifford 0-0: Called Strike
0-1: Foul Ball, location: 2F
0-2: Ball
1-2: DOUBLE (Line Drive, 89D, EV 101.9 MPH)
Mike Goad to third
Runner from 3rd tries for Home, SAFE, no throw by RF
Batting: RHB Steve Martin 0-0: Fly out, F8 (Flyball, 8RD, EV 76.9 MPH)
Bottom of the 4th over - 3 runs, 5 hits, 1 error, 1 left on base; Burlington 0 - Charleston 5
TOP OF THE 5TH
Burlington Bees batting - Pitching for Charleston RiverDogs : RHP Soh Kawashima
Batting: RHB Ryuji Ito 0-0: Ground out 5-3 (Groundball, 5, EV 83.1 MPH)
Batting: SHB Tim Connell 0-0: Ball
1-0: Called Strike
1-1: Ball
2-1: Called Strike
2-2: Ground out 5-3 (Groundball, 56, EV 104.4 MPH)
Batting: RHB Jonathan Ellis 0-0: Foul Ball, location: 2F
0-1: Called Strike
0-2: Fly out, F8 (Flyball, 78M, EV 89.4 MPH)
Top of the 5th over - 0 runs, 0 hits, 0 errors, 0 left on base; Burlington 0 - Charleston 5
BOTTOM OF THE 5TH
Charleston RiverDogs batting - Pitching for Burlington Bees : LHP Jordan Galdamez
Batting: RHB Luwen Storm 0-0: Ball
1-0: Ball
2-0: Ball
3-0: Base on Balls
Batting: RHB Eric Blais 0-0: Fielders Choice at 2nd, 5-4 (Groundball, 56, EV 83.1 MPH)
Batting: RHB Miguel Leal 0-0: Ball
Eric Blais is caught stealing 2nd base 2-4
1-0: Foul Ball, location: 2F
1-1: Ball
2-1: Ball
3-1: Foul Ball, location: 2F
3-2: Fly out, F6 (Flyball, 6D, EV 88.8 MPH)
Bottom of the 5th over - 0 runs, 0 hits, 0 errors, 0 left on base; Burlington 0 - Charleston 5
TOP OF THE 6TH
Burlington Bees batting - Pitching for Charleston RiverDogs : RHP Soh Kawashima
Batting: RHB Adam Noyes 0-0: Ball
1-0: Called Strike
1-1: Called Strike
1-2: Ground out U3 (Groundball, 34, EV 91.2 MPH)
Batting: LHB Rusty Ney 0-0: Called Strike
0-1: Swinging Strike
0-2: Foul Ball, location: 2F
0-2: Ball
1-2: Strikes out swinging
Batting: RHB Luis Romero 0-0: Called Strike
0-1: Swinging Strike
0-2: Strikes out swinging
Top of the 6th over - 0 runs, 0 hits, 0 errors, 0 left on base; Burlington 0 - Charleston 5
BOTTOM OF THE 6TH
Charleston RiverDogs batting - Pitching for Burlington Bees : LHP Jordan Galdamez
Batting: RHB Nick Massengale 0-0: Fly out, F9 (Flyball, 9S, EV 94.4 MPH)
Batting: LHB Tatsuo Yasui 0-0: Fly out, F6 (Popup, 6M, EV 76.2 MPH)
Batting: RHB James Boynton 0-0: Ball
1-0: Ground out 4-3 (Groundball, 4M, EV 82.5 MPH)
Bottom of the 6th over - 0 runs, 0 hits, 0 errors, 0 left on base; Burlington 0 - Charleston 5
TOP OF THE 7TH
Burlington Bees batting - Pitching for Charleston RiverDogs : RHP Soh Kawashima
Batting: LHB Bill Kirtley 0-0: Ball
1-0: Foul Ball, location: 2F
1-1: Swinging Strike
1-2: Ball
2-2: Strikes out swinging
Batting: RHB Ryan Munro 0-0: Ball
1-0: Ball
2-0: Fly out, F9 (Line Drive, 9D, EV 90.0 MPH)
Batting: RHB Ben Herman 0-0: Swinging Strike
0-1: Foul Ball, location: 2F
0-2: Foul Ball, location: 2F
0-2: Strikes out looking
Top of the 7th over - 0 runs, 0 hits, 0 errors, 0 left on base; Burlington 0 - Charleston 5
BOTTOM OF THE 7TH
Charleston RiverDogs batting - Pitching for Burlington Bees : LHP Jordan Galdamez
Batting: SHB Mike Goad 0-0: Ball
1-0: Ground out 6-3 (Groundball, 6, EV 80.0 MPH)
Batting: RHB Mike Gifford 0-0: Ball
1-0: Ball
2-0: Called Strike
2-1: Ball
3-1: Base on Balls
Pitching: LHP Jose Rivera
Batting: RHB Steve Martin 0-0: Ball
1-0: SINGLE (Groundball, 34D, EV 97.5 MPH)
Mike Gifford to second
Runner from 2nd tries for 3rd, SAFE, throw by RF made to third
Steve Martin to second
Batting: RHB Luwen Storm 0-0: Foul Ball, location: 2F
0-1: Called Strike
0-2: Ball
1-2: Ball
2-2: Foul Ball, location: 2F
2-2: Ball
3-2: Foul Ball, location: 2F
3-2: Fly out, F8 (Flyball, 8LS, EV 76.9 MPH)
Batting: RHB Eric Blais 0-0: SINGLE (Line Drive, 7S, EV 87.5 MPH)
Mike Gifford scores
Steve Martin to third
Runner from 3rd tries for Home, SAFE, throw by LF to home
Batting: RHB Miguel Leal 0-0: Ball
1-0: Ball
2-0: Ball
3-0: Foul Ball, location: 2F
3-1: Base on Balls
Eric Blais to second
Batting: RHB Nick Massengale 0-0: Called Strike
0-1: Foul Ball, location: 2F
0-2: Strikes out swinging
Bottom of the 7th over - 2 runs, 2 hits, 0 errors, 2 left on base; Burlington 0 - Charleston 7
TOP OF THE 8TH
Burlington Bees batting - Pitching for Charleston RiverDogs : RHP Soh Kawashima
Pitching: RHP Ruud Reintjens
Batting: RHB Ryuji Ito 0-0: Ball
1-0: Called Strike
1-1: Swinging Strike
1-2: Ground out 6-3 (Groundball, 6, EV 91.2 MPH)
Batting: SHB Tim Connell 0-0: Ground out U3 (Groundball, 34S, EV 73.8 MPH)
Batting: RHB Jonathan Ellis 0-0: Called Strike
0-1: SINGLE (Groundball, 4MD, EV 95.6 MPH)
Batting: RHB Adam Noyes 0-0: Called Strike
0-1: SINGLE (Groundball, 56, EV 98.1 MPH) (infield hit)
Jonathan Ellis to second
Batting: LHB Rusty Ney 0-0: Called Strike
0-1: Ball
1-1: Called Strike
1-2: Ball
2-2: Foul Ball, location: 2F
2-2: Ball
3-2: Fly out, F8 (Line Drive, 8RM, EV 94.4 MPH)
Top of the 8th over - 0 runs, 2 hits, 0 errors, 2 left on base; Burlington 0 - Charleston 7
BOTTOM OF THE 8TH
Charleston RiverDogs batting - Pitching for Burlington Bees : LHP Jose Rivera
Pinch Hitting: LHB Claudio Kamminga 0-0: Called Strike
0-1: Ball
1-1: SINGLE (Groundball, 56D, EV 101.2 MPH)
Batting: RHB James Boynton 0-0: Ball
1-0: Ball
2-0: Called Strike
2-1: Ball
3-1: Called Strike
3-2: Fielders Choice at 2nd, 6-4 (Groundball, 6, EV 87.5 MPH)
Pitching: RHP Craig Murphy
Batting: SHB Mike Goad 0-0: Called Strike
James Boynton is caught stealing 2nd base 2-6
0-1: Ball
1-1: Ball
2-1: Called Strike
2-2: Foul Ball, location: 2F
2-2: Ball
3-2: Foul Ball, location: 2F
3-2: Foul Ball, location: 2F
3-2: Strikes out looking
Bottom of the 8th over - 0 runs, 1 hit, 0 errors, 0 left on base; Burlington 0 - Charleston 7
TOP OF THE 9TH
Burlington Bees batting - Pitching for Charleston RiverDogs : RHP Ruud Reintjens
Now at 1B: Claudio Kamminga
Batting: RHB Luis Romero 0-0: Swinging Strike
0-1: Called Strike
0-2: Ball
1-2: Ball
2-2: Strikes out swinging
Batting: LHB Bill Kirtley 0-0: SINGLE (Groundball, 4D, EV 97.5 MPH)
Batting: RHB Ryan Munro 0-0: Ball
1-0: Called Strike
1-1: Called Strike
1-2: Ball
2-2: Foul Ball, location: 2F
2-2: SINGLE (Line Drive, 7S, EV 93.8 MPH)
Bill Kirtley to second
Batting: RHB Ben Herman 0-0: Ball
Wild Pitch!
Bill Kirtley to third
Ryan Munro to second
1-0: Swinging Strike
1-1: Ground out 4-3 (Groundball, 34, EV 102.5 MPH)
Bill Kirtley scores
Ryan Munro to third
Pinch Hitting: LHB Jorge Zermeno 0-0: Called Strike
0-1: 2-RUN HOME RUN (Flyball, 9D, EV 98.1 MPH), Distance : 375 ft
Pitching: RHP Aaron Brill
Batting: SHB Tim Connell 0-0: Called Strike
0-1: SINGLE (Line Drive, 89S, EV 110.6 MPH)
Batting: RHB Jonathan Ellis 0-0: Ball
1-0: Ball
2-0: Swinging Strike
2-1: Foul Ball, location: 2F
2-2: Foul Ball, location: 2F
2-2: Foul Ball, location: 2F
2-2: Foul Ball, location: 2F
2-2: Foul Ball, location: 2F
2-2: Strikes out swinging
Top of the 9th over - 3 runs, 4 hits, 0 errors, 1 left on base; Burlington 3 - Charleston 7
Thursday, March 31st , 2022 - OOTP Baseball 22.12 Build 89